 Dungeon Crawl Stone Soup version 0.32-a0-918-g0f22ef8d61 (console) character file.

Game seed: 1475053038205641493

6407 jejorda2 the Spear-Bearer (level 10, -4/83 HPs)
             Began as a Gnoll Berserker on Apr 11, 2024.
             Was a Priest of Trog.
             Slain by a gnoll sergeant
             ... wielding a +0 halberd
              (11 damage)
             ... in a bailey.
             The game lasted 00:22:32 (7576 turns).

jejorda2 the Spear-Bearer (Gnoll Berserker)         Turns: 7576, Time: 00:22:32

Health: -4/83      AC: 15    Str: 20    XL:     10   Next: 98%
Magic:  19/19      EV:  7    Int:  7    God:    Trog [***...]
Gold:   690        SH:  0    Dex: 12    Spells: 21/21 levels left

rFire   . . .        b - +4 glaive
rCold   + . .        (shield currently unavailable)
rNeg    + . .        C - +1 plate armour {rN+}
rPois   .            (no helmet)
rElec   .            (no cloak)
rCorr   .            j - +0 pair of gloves
SInv    .            (no boots)
Will    +....        B - amulet of regeneration Stlth
                     e - ring of willpower
HPRegen 1.13/turn    y - ring of protection from cold
MPRegen 0.16/turn

%: no passive effects
@: mighty, on berserk cooldown, slowed, very slow
A: fangs 1, strong nose, distributed training
a: Renounce Religion, Berserk, Trog's Hand


You were in a bailey.
You worshipped Trog.
Trog was most pleased with you.
You visited 1 branch of the dungeon, and saw 9 of its levels.
You also visited: Bailey.

You collected 690 gold pieces.

Inventory:

Hand Weapons
 a - a +0 heavy spear
 b - a +4 glaive (weapon)
 r - a +0 trident
Missiles
 f - 3 javelins
 h - 3 poisoned darts
 q - a throwing net
 E - a boomerang (quivered)
Armour
 c - a +0 chain mail
 j - a +0 pair of gloves (worn)
 C - a +1 plate armour of positive energy (worn)
Jewellery
 e - a ring of willpower (left hand)
 w - a +6 ring of strength
 y - a ring of protection from cold (right hand)
 B - an amulet of regeneration (around neck)
Wands
 d - a wand of flame (15)
 l - a wand of warping (4)
 x - a wand of paralysis (8)
Scrolls
 g - a scroll of teleportation
 k - a scroll of enchant weapon
Potions
 i - 4 potions of curing
 o - 3 potions of attraction
 p - a potion of might
 s - 2 potions of mutation {unknown}
 z - a potion of haste {unknown}
 A - a potion of enlightenment {unknown}


   Skills:
 + Level 9.0 Fighting
 + Level 6.0 Short Blades
 + Level 6.0 Long Blades
 + Level 6.0 Axes
 + Level 6.0 Maces & Flails
 + Level 9.0 Polearms
 + Level 6.0 Staves
 + Level 6.0 Ranged Weapons
 + Level 6.0 Throwing
 + Level 7.6 Armour
 + Level 7.6 Dodging
 + Level 6.0 Stealth
 + Level 6.0 Shields
 + Level 6.0 Unarmed Combat
 + Level 6.0 Spellcasting
 + Level 5.0 Conjurations
 + Level 5.0 Hexes
 + Level 5.0 Summonings
 + Level 5.0 Necromancy
 + Level 5.0 Translocations
 + Level 5.0 Fire Magic
 + Level 5.0 Ice Magic
 + Level 5.0 Air Magic
 + Level 5.0 Earth Magic
 + Level 5.0 Alchemy
 + Level 6.6 Invocations
 + Level 6.0 Evocations
 + Level 5.4 Shapeshifting


You had 21 spell levels left.
You didn't know any spells.
Your spell library was empty.

Dungeon Overview and Level Annotations

Branches:
Dungeon (9/15)             Temple (0/1) D:5            Lair (0/5) D:9
    Orc (0/2) D:9          Bailey (1/1)

Altars:
Cheibriados
Elyvilon
Makhleb
Qazlal
Ru
Uskayaw
Vehumet
The Shining One

Shops:
D:6 [   D:9 !

Annotations:
D:7 1 runed translucent door, exclusion: door, SkateWitch's ghost, novice CoBe


Innate Abilities, Weirdness & Mutations

You have very sharp teeth.
Your uncanny sense of smell can sniff out nearby items.
Your experience applies equally to all skills.


Message History

Your Air Magic skill increases to level 5!
Your Earth Magic skill increases to level 5!
Your Alchemy skill increases to level 5!
Reach: b) +4 glaive
Press: ? - help, Dir - move target, f/p - gnoll sergeant
Aim: a gnoll sergeant, wielding a +0 halberd and wearing a +0 crystal plate armour (almost dead, about 22% to evade your +4 glaive)
You reach to attack!
You barely miss the gnoll sergeant.
The gnoll sergeant is almost dead.
The gnoll sergeant barely misses you.
The gnoll sergeant hits you from afar with a +0 halberd!
* * * LOW HITPOINT WARNING * * *
Aiming: Paralyse
Press: ? - help, Shift-Dir - straight line, f/p - gnoll sergeant
Aim: a gnoll sergeant, wielding a +0 halberd and wearing a +0 crystal plate armour (almost dead, chance to affect: 64%)
The gnoll sergeant struggles to resist.
Your skin stops crawling.
You feel less strong-willed. The gnoll sergeant closely misses you.
The gnoll bouda calls upon its god to heal the gnoll sergeant.
The gnoll sergeant is healed somewhat.
Unknown command.
Unknown command.
You feel very mighty all of a sudden.
The gnoll sergeant hits you but does no damage.
The gnoll bouda calls upon its god to heal the gnoll sergeant.
The gnoll sergeant is healed somewhat.
The gnoll sergeant hits you but does no damage.
Unknown command.
Unknown command.
Reach: b) +4 glaive
Press: ? - help, Dir - move target, f/p - gnoll sergeant
Aim: a gnoll sergeant, wielding a +0 halberd and wearing a +0 crystal plate armour (heavily wounded, about 22% to evade your +4 glaive)
You reach to attack!
You barely miss the gnoll sergeant.
The gnoll sergeant is heavily wounded.
Your attacks no longer feel as feeble.
The gnoll sergeant hits you from afar with a +0 halberd.
* * * LOW HITPOINT WARNING * * *
The gnoll bouda hits you from afar with a +0 spear.
* * * LOW HITPOINT WARNING * * *
The gnoll sergeant hits you from afar with a +0 halberd!
You die...

♣♣♣♣♣♣♣♣♣♣ ♣♣♣♣♣♣♣♣♣♣♣
♣♣≈≈≈≈≈≈≈≈≈ ≈≈≈≈≈≈≈≈≈≈♣♣
♣♣≈≈...# ########...≈≈♣
♣.≈..### .....ß.##...≈♣
♣♣.≈).#∆ ........##..≈♣
♣))≈).#∆ ..g....#..≈♣
♣.)≈..#∆ #####.g...#..≈♣
♣♣..≈..# ##...##...†#..≈♣
♣♣...≈..######..@.g###'##..≈♣
♣......)'...#...†..†#......≈♣
h∩......'...'...ßg..).)....≈♣
♣.......')..#....).$#......≈♣
♣♣...≈..######.....###)##..≈♣
♣...≈..# ##..)##g.).#..≈♣
♣...≈..#∆ #####.g...#..≈♣
♣♣))≈..#∆ .......#..≈♣
♣♣÷≈..#∆ #......##..≈♣


You could see a gnoll sergeant and a gnoll bouda.

Vanquished Creatures
  A two-headed ogre (D:6)
  Maggie (D:7)
  2 hornets (D:8)
  Sigmund (D:3)
  A wyvern (D:8)
  4 yaks (D:5)
  Grum (Bailey)
  A steam dragon (D:8)
  A sky beast (D:7)
  2 orc warriors
  An ice beast (D:8)
  2 ogres
  7 wolves (Bailey)
  A centaur (D:7)
  A phantom (D:6)
  4 bullfrogs
  5 gnoll sergeants (Bailey)
  4 wights (D:7)
  11 killer bees
  2 howler monkeys
  A bullfrog zombie (D:4)
  6 hounds
  2 jellies
  2 bombardier beetles
  2 orc priests
  3 gnoll boudas (Bailey)
  A sleepcap (D:4)
  2 iguanas
  An iron imp (D:8)
  Jessica (D:3)
  Terence (D:2)
  7 orc wizards
  4 scorpion zombies (D:4)
  A hound zombie (D:4)
  A hound skeleton (D:4)
  A howler monkey zombie (D:4)
  17 gnolls
  10 adders
  2 white imps
  2 ufetubi (D:5)
  3 adder zombies (D:4)
  A dart slug (D:2)
  A ribbon worm (D:3)
  34 orcs
  6 bats
  7 endoplasms
  6 giant cockroaches
  8 hobgoblins
  3 jackals (D:4)
  7 kobolds
  2 quokkas
  7 ball pythons
  5 frilled lizards
  10 goblins
  8 rats
228 creatures vanquished.

Vanquished Creatures (collateral kills)
  2 gnolls (Bailey)
2 creatures vanquished.

Grand Total: 230 creatures vanquished

Notes
Turn   | Place    | Note
-------+----------+-------------------------------------------
     0 | D:1      | jejorda2 the Gnoll Berserker began the quest for the Orb.
     0 | D:1      | Reached XP level 1. HP: 23/23 MP: 1/1
   144 | D:1      | Reached XP level 2. HP: 29/29 MP: 2/2
   573 | D:1      | Reached ** piety under Trog
   574 | D:1      | Reached XP level 3. HP: 35/35 MP: 3/3
   754 | D:2      | Found a faded altar of an unknown god.
   764 | D:2      | Reached skill level 1 in Invocations
   806 | D:2      | Reached skill level 1 in Short Blades
   806 | D:2      | Reached skill level 1 in Long Blades
   806 | D:2      | Reached skill level 1 in Axes
   806 | D:2      | Reached skill level 1 in Maces & Flails
   806 | D:2      | Reached skill level 1 in Staves
   806 | D:2      | Reached skill level 1 in Ranged Weapons
   806 | D:2      | Reached skill level 1 in Throwing
   806 | D:2      | Reached skill level 1 in Stealth
   806 | D:2      | Reached skill level 1 in Shields
   806 | D:2      | Reached skill level 1 in Unarmed Combat
   806 | D:2      | Reached skill level 1 in Spellcasting
   806 | D:2      | Reached skill level 1 in Evocations
   853 | D:2      | Noticed Terence
   855 | D:2      | Reached skill level 1 in Shapeshifting
   855 | D:2      | Reached XP level 4. HP: 41/41 MP: 5/5
   859 | D:2      | Killed Terence
   860 | D:2      | Reached skill level 1 in Conjurations
   860 | D:2      | Reached skill level 1 in Hexes
   860 | D:2      | Reached skill level 1 in Summonings
   860 | D:2      | Reached skill level 1 in Necromancy
   860 | D:2      | Reached skill level 1 in Translocations
   860 | D:2      | Reached skill level 1 in Fire Magic
   860 | D:2      | Reached skill level 1 in Ice Magic
   860 | D:2      | Reached skill level 1 in Air Magic
   860 | D:2      | Reached skill level 1 in Earth Magic
   860 | D:2      | Reached skill level 1 in Alchemy
   861 | D:2      | Found a snail-covered altar of Cheibriados.
  1446 | D:2      | Reached XP level 5. HP: 47/47 MP: 7/7
  1648 | D:3      | Noticed Jessica
  1654 | D:3      | Killed Jessica
  1762 | D:3      | Noticed Sigmund
  1776 | D:3      | Killed Sigmund
  1777 | D:3      | Reached skill level 5 in Armour
  1777 | D:3      | Reached skill level 5 in Dodging
  1777 | D:3      | Reached XP level 6. HP: 53/53 MP: 7/9
  2018 | D:3      | Reached *** piety under Trog
  2309 | D:4      | Found a stormy altar of Qazlal.
  2345 | D:4      | Reached XP level 7. HP: 59/59 MP: 10/10
  3011 | D:5      | Entered Level 5 of the Dungeon
  3226 | D:5      | Found a white marble altar of Elyvilon.
  3277 | D:5      | Reached XP level 8. HP: 66/67 MP: 12/12
  3517 | D:5      | Found a staircase to the Ecumenical Temple.
  3618 | D:5      | Noticed a yak
  3619 | D:5      | Noticed a yak
  3619 | D:5      | Noticed a yak
  3622 | D:5      | Noticed a yak
  3629 | D:5      | Killed a yak
  3633 | D:5      | Killed a yak
  3645 | D:5      | Killed a yak
  3656 | D:5      | Killed a yak
  3824 | D:5      | Reached **** piety under Trog
  3825 | D:5      | Reached XP level 9. HP: 61/73 MP: 14/14
  4262 | D:6      | Found a hide-covered altar of Uskayaw.
  4798 | D:6      | Found Tusas's Antique Armour Shoppe.
  4985 | D:6      | Noticed a two-headed ogre
  4991 | D:6      | Killed a two-headed ogre
  4992 | D:6      | Reached skill level 5 in Invocations
  5235 | D:7      | Noticed Maggie
  5246 | D:7      | Killed Maggie
  5336 | D:7      | Found a glowing golden altar of the Shining One.
  5511 | D:7      | Found a radiant altar of Vehumet.
  5683 | D:7      | Reached skill level 5 in Short Blades
  5683 | D:7      | Reached skill level 5 in Long Blades
  5683 | D:7      | Reached skill level 5 in Axes
  5683 | D:7      | Reached skill level 5 in Maces & Flails
  5683 | D:7      | Reached skill level 5 in Staves
  5683 | D:7      | Reached skill level 5 in Ranged Weapons
  5683 | D:7      | Reached skill level 5 in Throwing
  5683 | D:7      | Reached skill level 5 in Stealth
  5683 | D:7      | Reached skill level 5 in Shields
  5683 | D:7      | Reached skill level 5 in Unarmed Combat
  5683 | D:7      | Reached skill level 5 in Spellcasting
  5683 | D:7      | Reached skill level 5 in Evocations
  5683 | D:7      | Reached XP level 10. HP: 77/81 MP: 17/17
  5691 | D:7      | Found a runed translucent door.
  5793 | D:7      | Found a sacrificial altar of Ru.
  6157 | D:7      | Noticed SkateWitch's ghost (novice CoBe)
  6390 | D:8      | Found a burning altar of Makhleb.
  6681 | D:8      | Reached skill level 5 in Shapeshifting
  6889 | D:8      | Paralysed by a hornet for 2 turns
  7108 | D:9      | Found a staircase to the Orcish Mines.
  7147 | D:9      | Found Sumuzem's Distillery.
  7158 | D:9      | Found a flagged portal.
  7166 | Bailey   | Entered a bailey
  7542 | Bailey   | Noticed Grum
  7549 | Bailey   | Killed Grum
  7573 | Bailey   | Reached skill level 5 in Conjurations
  7573 | Bailey   | Reached skill level 5 in Hexes
  7573 | Bailey   | Reached skill level 5 in Summonings
  7573 | Bailey   | Reached skill level 5 in Necromancy
  7573 | Bailey   | Reached skill level 5 in Translocations
  7573 | Bailey   | Reached skill level 5 in Fire Magic
  7573 | Bailey   | Reached skill level 5 in Ice Magic
  7573 | Bailey   | Reached skill level 5 in Air Magic
  7573 | Bailey   | Reached skill level 5 in Earth Magic
  7573 | Bailey   | Reached skill level 5 in Alchemy
  7576 | Bailey   | Slain by a gnoll sergeant

Illustrated notes

Levels and vault maps discovered:
D:1:      minmay_arrival_semitransparent, layout_loops_cross,
          kennysheep_crisscross
D:2:      layout_basic, basic_altar, ebering_ecumenical_altar_mist, uniq_terence
D:3:      minmay_recursive_quarters, layout_basic, nrook_loot_triangle,
          kennysheep_generic_room_9, uniq_jessica, uniq_sigmund
D:4:      layout_loops_ring, nicolae_qazlal_general_emergency, serial_undead,
          serial_undead_c, serial_undead_a, serial_undead_e, serial_undead_e,
          serial_undead_e, serial_undead_d, serial_undead_a, serial_undead_b
D:5:      minmay_spotlight, layout_loops_corners, elyvilon_altar_5,
          temple_fountains, columned_hall_lemuel
D:6:      layout_loops_ring, mainiacjoe_overflow_24_doors, serial_shops,
          kennysheep_little_box, patterned_corridor
D:7:      layout_cave_pods, nicolae_overflow_hidden_temple,
          nicolae_ru_great_annihilating_truth,
          mainiacjoe_overflow_six_doors_small, ebering_ghost_reflecting_pool,
          feat_on_display, uniq_maggie
D:8:      layout_basic, demons_altar, kennysheep_path_1,
          kennysheep_generic_room_15
D:9:      layout_roguey, due_lair_maze_entry_diamond, enter_bailey_3,
          serial_shops, shop, nicolae_shop_tiny_statue_garden,
          nicolae_shop_waterfront, shop_statue, minmay_misc_feat_encased,
          hangedman_abyss_or_decor_passed, guppyfry_shop_venom, uniq_psyche
Bailey:   bailey_polearm_gnolls_kennysheep, bailey

Skill      XL: |  1  2  3  4  5  6  7  8  9 10 |
---------------+-------------------------------+-----
Invocations    | 1 2 3 4 5 6 |  6.6
Short Blades   | 1 2 3 5 6 |  6.0
Long Blades    | 1 2 3 5 6 |  6.0
Axes           | 1 2 3 5 6 |  6.0
Maces & Flails | 1 2 3 5 6 |  6.0
Staves         | 1 2 3 5 6 |  6.0
Ranged Weapons | 1 2 3 5 6 |  6.0
Throwing       | 1 2 3 5 6 |  6.0
Stealth        | 1 2 3 5 6 |  6.0
Shields        | 1 2 3 5 6 |  6.0
Unarmed Combat | 1 2 3 5 6 |  6.0
Spellcasting   | 1 2 3 5 6 |  6.0
Evocations     | 1 2 3 5 6 |  6.0
Shapeshifting  | 1 2 3 4 5 |  5.4
Conjurations   | 1 2 3 4 5 |  5.0
Hexes          | 1 2 3 4 5 |  5.0
Summonings     | 1 2 3 4 5 |  5.0
Necromancy     | 1 2 3 4 5 |  5.0
Translocations | 1 2 3 4 5 |  5.0
Fire Magic     | 1 2 3 4 5 |  5.0
Ice Magic      | 1 2 3 4 5 |  5.0
Air Magic      | 1 2 3 4 5 |  5.0
Earth Magic    | 1 2 3 4 5 |  5.0
Alchemy        | 1 2 3 4 5 |  5.0
Armour         | 5 6 7 |  7.6
Dodging        | 5 6 7 |  7.6
Fighting       | 7 8 9 |  9.0
Polearms       | 7 8 9 |  9.0

Action                     |  1- 3 |  4- 6 |  7- 9 | 10-12 || total
---------------------------+-------+-------+-------+-------++-------
  Melee: Spear             |   104 |    64 |   189 |    67 ||   424
         Bite              |     5 |     8 |    38 |    20 ||    71
         Trident           |       |    81 |       |       ||    81
         Glaive            |       |       |   102 |   197 ||   299
 Invoke: Berserk           |       |     3 |     6 |     9 ||    18
         Trog's Hand       |       |     2 |     3 |     8 ||    13
         Brothers in Arms  |       |       |       |     1 ||     1
  Evoke: Wand              |       |       |       |    11 ||    11
    Use: Scroll            |       |       |    15 |     2 ||    17
         Potion            |       |       |       |     3 ||     3
   Stab: Paralysed         |       |       |       |     3 ||     3
 Armour: Chain mail        |    34 |    64 |   104 |       ||   202
         Plate armour      |       |       |   103 |   481 ||   584
  Dodge: Dodged            |    17 |    32 |    84 |   173 ||   306
  Block: Other             |     8 |    19 |    20 |       ||    47

Table legend: (Time is in decaauts)
 A = Elapsed time spent in this place.
 B = Non-inter-level travel time spent in this place.
 C = Inter-level travel time spent in this place.
 D = Time resting spent in this place.
 E = Time spent auto-exploring this place.
 F = Levels seen in this place.
 G = Mean time per level.
                   A        B        C        D        E       F      G
               +--------+--------+--------+--------+--------+-----+--------+
         Total |   7804 |   7423 |    381 |    588 |   5008 |  10 |  780.4 |
       Dungeon |   7337 |   6956 |    381 |    470 |   4982 |   9 |  815.2 |
        Bailey |    467 |    467 |      0 |    118 |     26 |   1 |  467.0 |
               +--------+--------+--------+--------+--------+-----+--------+

Top non-repeatable levels by time:
     D:5: 1144 daAuts
     D:7: 1106 daAuts
     D:6: 1010 daAuts
     D:3: 961 daAuts
     D:8: 926 daAuts
     D:4: 829 daAuts
     D:1: 650 daAuts
     D:2: 646 daAuts
  Bailey: 467 daAuts
     D:9: 62 daAuts
